SAAA
SANTA BARBARA GOLDEN CRANES @ PORT ROYAL DISASTER
09/01/2020
 
TOP OF THE 1ST
Santa Barbara Golden Cranes batting - Pitching for Port Royal Disaster : RHP Luis Miguel Rojas
Pitching: RHP Luis Miguel Rojas
Batting: RHB José Masaferro 0-0: Ball
1-0: Ball
2-0: SINGLE (Line Drive, 89S)
Batting: RHB Mal Phillips 0-0: Ball
1-0: Ball
2-0: Called Strike
2-1: Called Strike
2-2: Strikes out looking
Batting: RHB Carlos Rodríguez 0-0: Ball
1-0: Called Strike
1-1: Ball
2-1: Grounds into double play, 6-4-3 (Groundball, 56)
Top of the 1st over - 0 run(s), 1 hit(s), 0 error(s), 0 left on base; Santa Barbara 0 - Port Royal 0
BOTTOM OF THE 1ST
Port Royal Disaster batting - Pitching for Santa Barbara Golden Cranes : RHP Albert Braun
Pitching: RHP Albert Braun
Batting: LHB Chris Whiteside 0-0: Ball
1-0: Called Strike
1-1: Ball
2-1: Ball
3-1: Bunt for hit - play at first, batter OUT! 3-4
Batting: LHB Nelson Sanders 0-0: Called Strike
0-1: Ball
1-1: Ball
2-1: Ground out 4-3 (Groundball, 4)
Batting: RHB Toshitsugu Sakamoto 0-0: Foul Ball, location: 2F
0-1: Ball
1-1: Ball
2-1: Ball
3-1: Called Strike
3-2: SOLO HOME RUN (Flyball, 7D), Distance : 374 ft
Batting: RHB Michael Riley 0-0: Ball
1-0: Foul Ball, location: 2F
1-1: Called Strike
1-2: Fly out, F6 (Popup, 4M)
Bottom of the 1st over - 1 run(s), 1 hit(s), 0 error(s), 0 left on base; Santa Barbara 0 - Port Royal 1
TOP OF THE 2ND
Santa Barbara Golden Cranes batting - Pitching for Port Royal Disaster : RHP Luis Miguel Rojas
Batting: RHB Pablo Lugo 0-0: Foul Ball, location: 2F
0-1: Called Strike
0-2: Foul Ball, location: 2F
0-2: Ball
1-2: Strikes out looking
Batting: RHB San-gui Liang 0-0: Foul Ball, location: 2F
0-1: Ball
1-1: Swinging Strike
1-2: Ball
2-2: Foul Ball, location: 2F
2-2: Ground out 4-3 (Groundball, 4)
Batting: RHB Seth Varela 0-0: Swinging Strike
0-1: Foul Ball, location: 2F
0-2: Ball
1-2: Strikes out looking
Top of the 2nd over - 0 run(s), 0 hit(s), 0 error(s), 0 left on base; Santa Barbara 0 - Port Royal 1
BOTTOM OF THE 2ND
Port Royal Disaster batting - Pitching for Santa Barbara Golden Cranes : RHP Albert Braun
Batting: RHB Clement Fields 0-0: Ball
1-0: Ball
2-0: Ball
3-0: Called Strike
3-1: Fly out, F9 (Flyball, 9LS)
Batting: SHB Tim Moss 0-0: Ball
1-0: Ground out 4-3 (Groundball, 4)
Batting: LHB Keith McKnight 0-0: Ball
1-0: DOUBLE (Flyball, 78D)
Batting: RHB Wayne Rose 0-0: Called Strike
0-1: Foul Ball, location: 2F
0-2: Ground out 4-3 (Groundball, 4)
Bottom of the 2nd over - 0 run(s), 1 hit(s), 0 error(s), 1 left on base; Santa Barbara 0 - Port Royal 1
TOP OF THE 3RD
Santa Barbara Golden Cranes batting - Pitching for Port Royal Disaster : RHP Luis Miguel Rojas
Batting: RHB Ricardo Pérez 0-0: Ball
1-0: Foul Ball, location: 2F
1-1: Ground out 5-3 (Groundball, 5)
Batting: LHB Alfonso López 0-0: Ball
1-0: Ground out U3 (Groundball, 3)
Batting: LHB Marvin von Seydlitz 0-0: Called Strike
0-1: Ball
1-1: Ground out 6-3 (Groundball, 6M)
Top of the 3rd over - 0 run(s), 0 hit(s), 0 error(s), 0 left on base; Santa Barbara 0 - Port Royal 1
BOTTOM OF THE 3RD
Port Royal Disaster batting - Pitching for Santa Barbara Golden Cranes : RHP Albert Braun
Batting: SHB Bob Rogers 0-0: Foul Ball, location: 2F
0-1: Ball
1-1: Foul Ball, location: 2F
1-2: Ball
2-2: Foul Ball, location: 2F
2-2: Strikes out swinging
Batting: LHB Chris Whiteside 0-0: Ball
1-0: Called Strike
1-1: Ball
2-1: Ground out 1-3 (Groundball, 13)
Batting: LHB Nelson Sanders 0-0: Swinging Strike
0-1: Ball
1-1: Fly out, F7 (Flyball, 78M)
Bottom of the 3rd over - 0 run(s), 0 hit(s), 0 error(s), 0 left on base; Santa Barbara 0 - Port Royal 1
TOP OF THE 4TH
Santa Barbara Golden Cranes batting - Pitching for Port Royal Disaster : RHP Luis Miguel Rojas
Batting: RHB José Masaferro 0-0: Called Strike
0-1: Ball
1-1: Foul Ball, location: 2F
1-2: Ball
2-2: Foul Ball, location: 2F
2-2: Ball
3-2: Base on Balls
Batting: RHB Mal Phillips 0-0: Called Strike
0-1: Foul Ball, location: 2F
0-2: Ball
1-2: SINGLE (Groundball, 6M)
José Masaferro to second
Batting: RHB Carlos Rodríguez 0-0: Called Strike
0-1: Ball
1-1: Foul Ball, location: 2F
1-2: Strikes out swinging
Batting: RHB Pablo Lugo 0-0: Ball
1-0: Ball
2-0: Swinging Strike
2-1: Ball
José Masaferro is caught stealing 3rd base
Mal Phillips to second
3-1: Called Strike
3-2: Strikes out swinging
Top of the 4th over - 0 run(s), 1 hit(s), 0 error(s), 1 left on base; Santa Barbara 0 - Port Royal 1
BOTTOM OF THE 4TH
Port Royal Disaster batting - Pitching for Santa Barbara Golden Cranes : RHP Albert Braun
Batting: RHB Toshitsugu Sakamoto 0-0: Called Strike
0-1: Swinging Strike
0-2: Ball
1-2: Foul Ball, location: 2F
1-2: Ball
2-2: Ball
3-2: Base on Balls
Batting: RHB Michael Riley 0-0: Ball
1-0: Foul Ball, location: 2F
1-1: Foul Ball, location: 2F
1-2: Ball
2-2: Fly out, F8 (Line Drive, 8RM)
Batting: RHB Clement Fields 0-0: Ball
1-0: Foul Ball, location: 2F
1-1: Ball
2-1: Called Strike
2-2: Ball
3-2: Base on Balls
Toshitsugu Sakamoto to second
Batting: SHB Tim Moss 0-0: Ball
1-0: Ball
2-0: Ball
3-0: Called Strike
3-1: Foul Ball, location: 2F
3-2: Base on Balls
Toshitsugu Sakamoto to third
Clement Fields to second
Batting: LHB Keith McKnight 0-0: Fly out, F7 (Flyball, 7S)
Batting: RHB Wayne Rose 0-0: Called Strike
0-1: Ball
1-1: Ball
2-1: Foul Ball, location: 2F
2-2: Ball
3-2: Fly out, F4 (Line Drive, 4)
Bottom of the 4th over - 0 run(s), 0 hit(s), 0 error(s), 3 left on base; Santa Barbara 0 - Port Royal 1
TOP OF THE 5TH
Santa Barbara Golden Cranes batting - Pitching for Port Royal Disaster : RHP Luis Miguel Rojas
Batting: RHB San-gui Liang 0-0: Ball
1-0: Foul Ball, location: 2F
1-1: Ball
2-1: Ball
3-1: Foul Ball, location: 2F
3-2: Ground out 6-3 (Groundball, 6)
Batting: RHB Seth Varela 0-0: Called Strike
0-1: Fly out, F9 (Flyball, 9LM)
Batting: RHB Ricardo Pérez 0-0: Fly out, F9 (Line Drive, 9LM)
Top of the 5th over - 0 run(s), 0 hit(s), 0 error(s), 0 left on base; Santa Barbara 0 - Port Royal 1
BOTTOM OF THE 5TH
Port Royal Disaster batting - Pitching for Santa Barbara Golden Cranes : RHP Albert Braun
Batting: SHB Bob Rogers 0-0: SINGLE (Line Drive, 7LS)
Batting: LHB Chris Whiteside 0-0: Ball
1-0: Sac Bunt - play at first, batter OUT! 2-4
Bob Rogers to second
Batting: LHB Nelson Sanders 0-0: Foul Ball, location: 2F
0-1: Ball
1-1: Foul Ball, location: 2F
1-2: Fly out, F8 (Flyball, 8LD)
Runner from 2nd tags up, OUT at 3rd
Bottom of the 5th over - 0 run(s), 1 hit(s), 0 error(s), 0 left on base; Santa Barbara 0 - Port Royal 1
TOP OF THE 6TH
Santa Barbara Golden Cranes batting - Pitching for Port Royal Disaster : RHP Luis Miguel Rojas
Batting: LHB Alfonso López 0-0: Ball
1-0: Swinging Strike
1-1: Swinging Strike
1-2: Ball
2-2: Strikes out looking
Batting: LHB Marvin von Seydlitz 0-0: Ball
1-0: Ball
2-0: Swinging Strike
2-1: Foul Ball, location: 2F
2-2: Foul Ball, location: 2F
2-2: Foul Ball, location: 2F
2-2: Foul Ball, location: 2F
2-2: Foul Ball, location: 2F
2-2: SINGLE (Groundball, 34D)
Batting: RHB José Masaferro 0-0: Swinging Strike
0-1: Ball
1-1: Ball
Wild Pitch!
Marvin von Seydlitz to second
2-1: Ball
3-1: Called Strike
3-2: Strikes out swinging
Batting: RHB Mal Phillips 0-0: Ball
1-0: Ball
2-0: Ball
3-0: Base on Balls
Batting: RHB Carlos Rodríguez 0-0: Called Strike
0-1: Ball
1-1: Called Strike
1-2: Ball
2-2: Strikes out looking
Top of the 6th over - 0 run(s), 1 hit(s), 0 error(s), 2 left on base; Santa Barbara 0 - Port Royal 1
BOTTOM OF THE 6TH
Port Royal Disaster batting - Pitching for Santa Barbara Golden Cranes : RHP Albert Braun
Batting: RHB Toshitsugu Sakamoto 0-0: Ball
1-0: Called Strike
1-1: Fly out, F6 (Flyball, 7S)
Batting: RHB Michael Riley 0-0: Called Strike
0-1: Foul Ball, location: 2F
0-2: Ground out 4-3 (Groundball, 4M)
Batting: RHB Clement Fields 0-0: Ball
1-0: Ground out 1-3 (Groundball, 15)
Bottom of the 6th over - 0 run(s), 0 hit(s), 0 error(s), 0 left on base; Santa Barbara 0 - Port Royal 1
TOP OF THE 7TH
Santa Barbara Golden Cranes batting - Pitching for Port Royal Disaster : RHP Luis Miguel Rojas
Batting: RHB Pablo Lugo 0-0: Called Strike
0-1: Foul Ball, location: 2F
0-2: Foul Ball, location: 2F
0-2: Foul Ball, location: 2F
0-2: Ball
1-2: Ball
2-2: Ball
3-2: SINGLE (Groundball, 6MD)
Pitching: RHP Clyde Bowman
Batting: RHB San-gui Liang 0-0: Ball
1-0: Called Strike
1-1: Swinging Strike
1-2: Reached on error, E5 (Groundball, 5)
Pablo Lugo to second
Batting: RHB Seth Varela 0-0: Swinging Strike
0-1: Ground out 4-3 (Groundball, 4M)
Pablo Lugo to third
San-gui Liang to second
Pinch Hitting: RHB Jim Unknown 0-0: Ground out 6-3 (Groundball, 56)
Batting: LHB Alfonso López 0-0: Ball
1-0: Foul Ball, location: 2F
1-1: Ball
2-1: Foul Ball, location: 2F
2-2: Ball
3-2: SINGLE (Groundball, 4MD)
Pablo Lugo scores
San-gui Liang to third
San-gui Liang scores
Pinch Hitting: LHB Miguel Mendoza 0-0: Ball
1-0: Ball
2-0: Foul Ball, location: 2F
2-1: Foul Ball, location: 2F
2-2: Fly out, F6 (Popup, 56D)
Top of the 7th over - 2 run(s), 2 hit(s), 1 error(s), 1 left on base; Santa Barbara 2 - Port Royal 1
BOTTOM OF THE 7TH
Port Royal Disaster batting - Pitching for Santa Barbara Golden Cranes : RHP Albert Braun
Now at SS: Tim Wilson
Now in RF: Jim Unknown
Batting: SHB Tim Moss 0-0: Ball
1-0: Called Strike
1-1: Foul Ball, location: 2F
1-2: Strikes out swinging
Batting: LHB Keith McKnight 0-0: Ground out 1-3 (Groundball, 15)
Batting: RHB Wayne Rose 0-0: Ball
1-0: Ball
2-0: Swinging Strike
2-1: Swinging Strike
2-2: Strikes out swinging
Bottom of the 7th over - 0 run(s), 0 hit(s), 0 error(s), 0 left on base; Santa Barbara 2 - Port Royal 1
TOP OF THE 8TH
Santa Barbara Golden Cranes batting - Pitching for Port Royal Disaster : RHP Clyde Bowman
Batting: RHB José Masaferro 0-0: Swinging Strike
0-1: Ball
1-1: Foul Ball, location: 2F
1-2: Strikes out looking
Batting: RHB Mal Phillips 0-0: Called Strike
0-1: Foul Ball, location: 2F
0-2: Ball
1-2: Ball
2-2: Strikes out swinging
Batting: RHB Carlos Rodríguez 0-0: Called Strike
0-1: Fly out, F9 (Flyball, 89S)
Top of the 8th over - 0 run(s), 0 hit(s), 0 error(s), 0 left on base; Santa Barbara 2 - Port Royal 1
BOTTOM OF THE 8TH
Port Royal Disaster batting - Pitching for Santa Barbara Golden Cranes : RHP Albert Braun
Now at 1B: Cipriano Oliveira
Batting: SHB Bob Rogers 0-0: Ball
1-0: Fly out, F8 (Flyball, 8RD)
Batting: LHB Chris Whiteside 0-0: Ball
1-0: Ball
2-0: Foul Ball, location: 2F
2-1: Ground out U3 (Groundball, 3S)
Batting: LHB Nelson Sanders 0-0: SINGLE (Line Drive, 9S)
Batting: RHB Toshitsugu Sakamoto 0-0: Foul Ball, location: 2F
0-1: Ball
1-1: Swinging Strike
1-2: SINGLE (Groundball, 34S)
Nelson Sanders to second
Runner from 2nd tries for 3rd, SAFE, no throw or cutoff
Batting: RHB Michael Riley 0-0: Ball
1-0: Ball
2-0: Ball
3-0: Base on Balls
Toshitsugu Sakamoto to second
Pinch Hitting: RHB Mike Green 0-0: Ball
1-0: Called Strike
1-1: Foul Ball, location: 2F
1-2: Ball
2-2: Fielders Choice at 2nd, U6 (Groundball, 6M)
Bottom of the 8th over - 0 run(s), 2 hit(s), 0 error(s), 3 left on base; Santa Barbara 2 - Port Royal 1
TOP OF THE 9TH
Santa Barbara Golden Cranes batting - Pitching for Port Royal Disaster : RHP Clyde Bowman
Pitching: LHP António Venegas
Now at SS: Mike Green
Batting: RHB Pablo Lugo 0-0: Called Strike
0-1: Ball
1-1: Swinging Strike
1-2: Ball
2-2: Foul Ball, location: 2F
2-2: SINGLE (Groundball, 4MD)
Batting: RHB San-gui Liang 0-0: Called Strike
0-1: Ball
1-1: Ball
2-1: Fly out, F9 (Line Drive, 9S)
Batting: RHB Seth Varela 0-0: Ball
1-0: Foul Ball, location: 2F
1-1: Ball
2-1: Ball
3-1: Swinging Strike
3-2: Base on Balls
Pablo Lugo to second
Batting: RHB Jim Unknown 0-0: Hit by Pitch
Pablo Lugo to third
Seth Varela to second
Pinch Hitting: RHB Jim Unknown 0-0: Hit by Pitch
Pablo Lugo scores
Seth Varela to third
Jim Unknown to second
Batting: RHB Tim Wilson 0-0: Foul Ball, location: 2F
0-1: Called Strike
0-2: Ball
1-2: Grounds into double play, 6-4-3 (Groundball, 6)
Top of the 9th over - 1 run(s), 1 hit(s), 0 error(s), 2 left on base; Santa Barbara 3 - Port Royal 1
BOTTOM OF THE 9TH
Port Royal Disaster batting - Pitching for Santa Barbara Golden Cranes : RHP Albert Braun
Now in RF: Jim Unknown
Batting: SHB Tim Moss 0-0: Ball
1-0: Foul Ball, location: 2F
1-1: Ground out U3 (Groundball, 3L)
Batting: LHB Keith McKnight 0-0: Ball
1-0: Ball
2-0: Ball
3-0: Called Strike
3-1: Called Strike
3-2: Base on Balls
Pitching: LHP Jim Unknown
Pinch Hitting: RHB Stu Shaw 0-0: Foul Ball, location: 2F
0-1: Fly out, F9 (Flyball, 9LM)
Batting: SHB Bob Rogers 0-0: Foul Ball, location: 2F
0-1: Fielders Choice at 2nd, U6 (Groundball, 6M)
Bottom of the 9th over - 0 run(s), 0 hit(s), 0 error(s), 1 left on base; Santa Barbara 3 - Port Royal 1
This league is powered by Out of the Park Baseball, the baseball management simulation game for PC, Mac and Linux
Friday, October 23rd, 2015 - OOTP Baseball 16.9 Build 39